Map: 紫晶浪漫-天梯版

Players

JieShi - Winner!

  • Race: Protoss Protoss
  • League: Master

iGCoffeeMs (Coffee)

  • Race: Terran Terran
  • League: Master

Event: DreamHack SC2 Masters 2021 Summer

VOD

Have the link to the VOD?

Description

Time

  • Played on: May 30, 2021, 7:55 a.m.
  • Length: 16:49

All games in this series

Show
View Real Time Build Order
Export as new Build Order

JieShi Protoss - Winner!

Build Orders: Colossus Rush 

Get SALT Encoding   

  12  0:00  Probe  
  13  0:12  Probe  
  14  0:17  Pylon  
  14  0:24  Probe (Chrono Boost)  
  15  0:37  Probe (Chrono Boost)  
  15  0:38  Gateway  
  16  0:44  Probe (Chrono Boost)  
  16  0:46  Assimilator  
  17  0:51  Probe  
  18  1:03  Probe  
  19  1:15  Probe  
  20  1:24  Pylon  
  20  1:25  Zealot (Chrono Boost)  
  20  1:27  Probe  
  20  1:29  Cybernetics Core  
  23  1:42  Probe  
  24  1:55  Probe, Assimilator  
  25  2:03  Stalker (Chrono Boost)  
  25  2:05  Warp Gate  
  25  2:08  Probe  
  28  2:19  Nexus  
  28  2:20  Probe  
  29  2:25  Pylon  
  29  2:32  Stalker  
  31  2:43  Robotics Facility  
  31  2:44  Probe  
  32  2:57  Probe  
  33  3:06  Stalker  
  33  3:09  Probe  
  36  3:21  Probe  
  37  3:28  Immortal (Chrono Boost)  
  37  3:33  Probe x2  
  43  3:44  Gateway x2  
  43  3:45  Probe  
  43  3:47  Probe  
  45  4:01  Observer (Chrono Boost)  
  40  4:08  Stalker  
  39  4:12  Probe  
  39  4:16  Probe (Chrono Boost)  
  41  4:18  Warp Prism (Chrono Boost)  
  41  4:24  Probe (Chrono Boost)  
  45  4:33  Probe (Chrono Boost)  
  45  4:34  Probe (Chrono Boost)  
  46  4:39  Probe x2 (Chrono Boost)  
  48  4:47  Pylon  
  48  4:50  Probe  
  48  4:51  Probe  
  48  4:52  Pylon  
  50  5:01  Sentry  
  50  5:02  Probe  
  50  5:06  Robotics Bay  
  53  5:09  Pylon  
  53  5:12  Pylon  
  50  5:16  Probe x2  
  52  5:28  Probe x2  
  54  5:30  Zealot x2, Sentry  
  54  5:33  Assimilator  
  54  5:35  Assimilator  
  60  5:37  Forge  
  60  5:40  Probe  
  53  5:57  Colossus (Chrono Boost)  
  53  5:58  Zealot x2, Stalker  
  63  6:07  Probe  
  63  6:10  Probe  
  65  6:22  Probe  
  65  6:23  Probe  
  67  6:29  Zealot x2, Sentry  
  73  6:33  Gateway  
  73  6:34  Probe  
  73  6:35  Probe  
  75  6:45  Protoss Ground Weapons Level 1 (Chrono Boost)  
  73  6:49  Observer (Chrono Boost)  
  73  6:53  Probe x2, Twilight Council  
  76  6:56  Gateway  
  76  6:57  Gateway, Zealot  
  76  7:01  Pylon  
  78  7:08  Robotics Facility  
  77  7:29  Charge (Chrono Boost)  
  77  7:34  Pylon  
  77  7:35  Pylon  
  77  7:38  Nexus  
  77  7:42  Pylon  
  77  7:50  Stalker x3  
  82  7:53  Zealot  
  82  7:57  Robotics Bay  
  84  8:03  Probe x2  
  83  8:06  Immortal  
  83  8:10  Zealot x2  
  91  8:17  Shield Battery, Zealot x2  
  95  8:25  Pylon  
  95  8:27  Templar Archives  
  94  8:30  Zealot x2  
  98  8:39  Pylon  
  98  8:45  Probe x2  
  98  8:47  Photon Cannon  
  100  8:49  Zealot  
  100  8:53  Zealot x2  
  106  9:07  Observer  
  106  9:08  Zealot x3  
  106  9:09  Probe  
  99  9:11  Blink (Chrono Boost)  
  99  9:21  Probe  
  99  9:22  Colossus  
  104  9:30  Protoss Ground Armor Level 1 (Chrono Boost), Extended Thermal Lance (Chrono Boost)  
  104  9:33  Probe x2  
  104  9:34  Shield Battery  
  106  9:39  Probe  
  107  9:51  Pylon  
  99  9:58  Probe x2  
  98  10:03  High Templar x2, Zealot x3  
  98  10:04  Zealot  
  98  10:06  Probe  
  111  10:16  Probe  
  111  10:18  Probe  
  111  10:19  Photon Cannon  
  113  10:21  Colossus (Chrono Boost)  
  113  10:22  Shield Battery  
  113  10:28  Probe  
  120  10:32  Psionic Storm  
  120  10:38  Pylon  
  120  10:41  Photon Cannon  
  120  10:44  Probe  
  120  10:46  Observer  
  121  10:50  High Templar x2  
  121  10:53  Assimilator  
  121  10:56  Probe, Assimilator  
  126  10:58  Photon Cannon  
  126  10:59  Pylon  
  126  11:04  High Templar  
  128  11:05  Pylon  
  128  11:06  Observer  
  128  11:09  Pylon  
  128  11:12  Stalker  
  128  11:13  Stalker  
  124  11:25  Nexus  
  124  11:27  Pylon  
  124  11:30  Stalker x3  
  130  11:35  Protoss Ground Weapons Level 2 (Chrono Boost)  
  130  11:37  Gateway  
  130  11:39  Gateway  
  129  11:43  Pylon  
  129  11:44  Observer (Chrono Boost)  
  130  11:51  Probe x2, Photon Cannon  
  130  11:52  Probe, Shield Battery  
  133  12:06  Colossus (Chrono Boost)  
  139  12:10  Pylon  
  139  12:12  Zealot  
  139  12:14  Stalker x3  
  146  12:29  High Templar x2  
  150  12:32  Stalker  
  150  12:35  Archon  
  152  12:44  Stalker x2  
  152  12:45  Stalker x2  
  160  12:52  Probe (Chrono Boost)  
  160  12:55  Warp Prism (Chrono Boost)  
  160  12:56  Probe (Chrono Boost), Gateway  
  160  12:57  Probe (Chrono Boost)  
  160  12:58  Probe (Chrono Boost), Gateway  
  166  13:01  Zealot x2  
  166  13:02  Probe (Chrono Boost)  
  167  13:19  High Templar x2  
  171  13:20  High Templar x2, Zealot  
  171  13:21  Zealot x2  
  171  13:22  Zealot  
  171  13:23  Archon  
  171  13:24  Archon  
  175  13:40  Forge  
  171  13:42  High Templar  
  171  13:46  Probe  
  174  13:50  Protoss Ground Armor Level 2 (Chrono Boost)  
  174  13:55  Stalker  
  174  13:56  Stalker x3  
  174  13:57  Stalker x3  
  174  14:00  Probe (Chrono Boost)  
  174  14:02  Assimilator  
  186  14:03  Probe (Chrono Boost)  
  186  14:06  Assimilator  
  186  14:09  Stalker  
  189  14:10  Probe (Chrono Boost), Zealot  
  189  14:14  Nexus  
  189  14:15  Probe (Chrono Boost), Stalker  
  189  14:41  Dark Shrine  
  189  15:00  Shield Battery  
  189  15:02  Shield Battery  
  189  15:05  Photon Cannon  
  189  15:06  Photon Cannon, Pylon  
  189  15:07  Photon Cannon  
  189  15:09  Pylon  
  189  15:10  Photon Cannon  
  189  15:12  Photon Cannon  
  189  15:13  Photon Cannon  
  189  15:15  Photon Cannon x2  
  189  15:21  Gateway  
  189  15:22  Gateway, High Templar x2  
  189  15:23  Observer  
  184  15:48  Zealot x3  
  184  15:49  Zealot x2  
  143  16:04  Archon, Zealot x3  
  143  16:05  Zealot x2  
  141  16:18  Zealot x4  
  134  16:19  Zealot  
  132  16:36  High Templar x2  
  132  16:37  High Templar x2, Zealot  
  132  16:38  Zealot  
  132  16:39  Zealot x4  
Show
View Real Time Build Order
Export as new Build Order

iGCoffeeMs Terran 

Build Orders: 1/1/1 

Get SALT Encoding   

  12  0:01  SCV  
  13  0:13  SCV  
  14  0:17  Supply Depot  
  14  0:25  SCV  
  14  0:28  Refinery  
  15  0:38  SCV  
  16  0:45  Barracks  
  16  0:51  SCV  
  17  1:03  SCV  
  18  1:11  Engineering Bay  
  18  1:15  SCV  
  19  1:33  Orbital Command, Marine  
  20  1:40  Factory  
  20  1:51  Supply Depot  
  20  1:55  Barracks Reactor  
  20  2:00  SCV  
  21  2:12  SCV  
  22  2:19  Command Center  
  22  2:27  Starport  
  22  2:33  SCV  
  22  2:35  Supply Depot  
  23  2:45  Hellion x2  
  23  2:49  SCV  
  28  2:53  Refinery  
  28  3:03  Medivac  
  30  3:07  Hellion  
  30  3:11  SCV  
  33  3:23  SCV  
  33  3:30  Barracks  
  33  3:35  Orbital Command  
  33  3:37  SCV  
  33  3:38  Factory Tech Lab  
  33  3:40  Marine x2  
  36  3:49  SCV  
  37  3:58  Marine x2, Siege Tank  
  37  4:01  SCV  
  39  4:14  SCV  
  39  4:15  Marine  
  39  4:16  SCV, Marine  
  39  4:17  Engineering Bay  
  43  4:18  Barracks Tech Lab  
  41  4:33  Marine, Siege Tank  
  41  4:36  SCV  
  46  4:50  Stimpack  
  46  4:53  SCV  
  46  4:59  Marine x3  
  50  5:03  Starport Reactor  
  50  5:12  Orbital Command  
  48  5:15  SCV  
  48  5:17  Marine x2  
  51  5:22  Marine  
  51  5:27  Supply Depot  
  52  5:32  SCV  
  52  5:34  Marine  
  54  5:46  Marine  
  54  5:47  Orbital Command  
  54  5:48  SCV, Siege Tank  
  57  5:52  Marine  
  57  5:56  SCV  
  59  5:59  Marine  
  59  6:04  Marine  
  57  6:08  SCV  
  57  6:10  Marine  
  60  6:11  Terran Infantry Weapons Level 1  
  60  6:12  Medivac  
  60  6:13  Barracks  
  60  6:16  Marine  
  62  6:19  Medivac  
  62  6:20  SCV x2  
  62  6:21  Missile Turret  
  66  6:29  Marine x2  
  68  6:32  SCV  
  70  6:47  Marauder  
  70  6:52  Medivac, Viking  
  70  6:53  SCV x2  
  76  6:58  Refinery  
  76  7:02  Supply Depot  
  76  7:05  Barracks Tech Lab  
  76  7:06  Supply Depot  
  76  7:09  Marine  
  76  7:14  SCV  
  76  7:15  Marauder  
  77  7:16  SCV  
  77  7:21  Marine  
  78  7:26  Marine  
  76  7:34  Marauder  
  76  7:35  SCV, Siege Tank  
  76  7:36  SCV  
  82  7:38  Supply Depot  
  82  7:39  Marauder  
  82  7:43  Marine  
  85  7:44  Marine  
  85  7:47  SCV  
  85  7:48  SCV  
  85  7:50  Refinery  
  88  7:53  Combat Shield  
  88  7:59  SCV  
  88  8:00  SCV, Supply Depot  
  88  8:01  Supply Depot  
  90  8:07  Marauder x2, Marine  
  90  8:08  Marine  
  90  8:11  SCV  
  97  8:15  Supply Depot  
  91  8:24  Siege Tank  
  91  8:27  SCV x2  
  96  8:31  Marauder x2  
  96  8:33  Marine x2  
  102  8:38  Terran Infantry Armor Level 1  
  102  8:51  Marine x2, Medivac x2  
  108  9:02  Command Center  
  77  9:10  Marauder x2  
  77  9:11  Marine x2  
  77  9:13  SCV x2  
  85  9:17  Siege Tank  
  88  9:30  Marine x2  
  90  9:33  Marauder x2  
  94  9:41  Liberator  
  94  9:42  Liberator  
  98  9:55  Marauder x2  
  98  10:01  Barracks x2  
  98  10:02  Marine x2  
  100  10:09  Siege Tank  
  100  10:12  SCV  
  102  10:14  Orbital Command  
  102  10:16  Marauder x2  
  106  10:22  Marine x2  
  106  10:25  SCV  
  109  10:31  SCV  
  110  10:37  SCV  
  110  10:38  Marauder x2  
  110  10:41  Orbital Command  
  115  10:45  Siege Tank  
  115  10:49  Marine x2  
  120  10:50  Missile Turret  
  120  10:52  Barracks Reactor, Barracks Tech Lab  
  120  10:59  Marauder x2  
  124  11:09  Marine x2  
  125  11:13  SCV x2  
  125  11:14  SCV  
  125  11:17  Siege Tank  
  129  11:23  Marauder x3  
  135  11:26  Armory, Engineering Bay  
  135  11:39  SCV x3, Supply Depot, Ghost Academy  
  138  11:40  Missile Turret  
  138  11:45  Missile Turret  
  138  11:48  Supply Depot  
  138  11:51  SCV  
  138  11:52  Supply Depot  
  139  11:58  SCV  
  139  11:59  SCV  
  140  12:11  Enhanced Shockwaves  
  140  12:13  Ghost x3  
  146  12:18  Bunker  
  144  12:30  Terran Infantry Weapons Level 2, Marine x4  
  144  12:31  Terran Infantry Armor Level 2  
  144  12:32  Command Center  
  144  12:35  Refinery x2  
  148  12:40  Supply Depot  
  148  12:42  Supply Depot  
  148  12:44  SCV x3  
  149  12:56  Marine x4  
  149  12:57  Siege Tank  
  156  13:01  Marauder  
  156  13:02  SCV x2, Marauder x2  
  163  13:06  Supply Depot, Terran Vehicle Weapons Level 1  
  163  13:07  Supply Depot  
  163  13:09  Supply Depot  
  159  13:32  Marauder  
  159  13:33  Marine x2  
  159  13:34  Marine  
  162  13:35  Ghost x2, Siege Tank  
  162  13:37  SCV  
  170  13:50  SCV x2  
  170  13:55  Nuke  
  172  13:56  Ghost Academy x2  
  172  13:57  Marine x4  
  172  13:59  Marauder  
  172  14:00  SCV  
  172  14:02  SCV  
  174  14:05  Marauder  
  176  14:13  SCV  
  176  14:15  Sensor Tower  
  177  14:22  Refinery, Planetary Fortress  
  176  14:25  Refinery, Sensor Tower  
  175  14:36  SCV x2  
  175  14:37  SCV  
  177  14:38  Nuke  
  177  14:40  Personal Cloaking  
  177  14:41  Marine x4  
  177  14:42  Marauder x2  
  185  14:53  Command Center  
  185  14:58  SCV x2  
  185  14:59  Marine  
  186  15:00  Marine x3, Siege Tank  
  186  15:02  Sensor Tower  
  186  15:04  Factory, Supply Depot  
  193  15:24  Marine x4  
  197  15:37  Ghost  
  181  15:58  Marauder x2  
  181  16:01  Marine  
  181  16:02  Marine x2  
  155  16:05  Marine  
  155  16:06  Marauder  
  110  16:19  SCV, Marine x3  
  110  16:20  Marauder x2  
  110  16:23  Marine  
  106  16:27  Marauder  
  106  16:31  SCV x2  
Tags
 
Add a new tag
Caveats
  • Supply blocks, unpowered buildings, or Contaminate may cause inaccurate times.
  • Supply counts are checked every 10 seconds.